 Dungeon Crawl Stone Soup version 0.30.0-29-ga12c61a403 (webtiles) character file.

Game seed: 1460843679782381194

14273 doorStuck the Skirmisher (level 12, -8/115 HPs)
             Began as a Hill Orc Hunter on June 12, 2023.
             Was a High Priest of Okawaru.
             Killed from afar by Lodul (15 damage)
             ... with a bolt of lightning
             ... on level 11 of the Dungeon.
             The game lasted 00:28:55 (10150 turns).

doorStuck the Skirmisher (Hill Orc Hunter)         Turns: 10150, Time: 00:28:57

Health: -8/115     AC: 11    Str: 17    XL:     12   Next: 14%
Magic:  15/15      EV: 12    Int:  9    God:    Okawaru [*****.]
Gold:   1851       SH:  0    Dex: 21    Spells: 11/11 levels left

rFire   . . .        D - +6 triple crossbow (flame)
rCold   + . .        (shield currently unavailable)
rNeg    . . .        M - +0 steam dragon scales
rPois   +            (no helmet)
rElec   .            (no cloak)
rCorr   +            L - +0 pair of gloves
SInv    .            v - +0 pair of boots
Will    .....        N - amulet of faith
Stlth   ++           t - +4 ring of protection
HPRegen 0.39/turn    A - ring of Conformity {rPois rC+ rCorr Str+2 Dex+3}
MPRegen 0.14/turn

%: faith
@: hasted, very quick
A: no striking features
a: Renounce Religion, Heroism, Finesse, Duel


You were on level 11 of the Dungeon.
You worshipped Okawaru.
Okawaru was extremely pleased with you.
You visited 2 branches of the dungeon, and saw 15 of its levels.
You also visited: Bailey.

You collected 1851 gold pieces.

Inventory:

Hand Weapons
 a - a +7 longbow of draining
 c - a +1 great sword of holy wrath
 D - a +6 triple crossbow of flaming (weapon)
 I - a +3 long sword
Missiles
 p - 3 throwing nets
Armour
 v - a +0 pair of boots (worn)
 B - a +2 ring mail of poison resistance
 F - a scarf of harm
 L - a +0 pair of gloves (worn)
 M - +0 steam dragon scales (worn)
Jewellery
 e - a ring of ice
 m - an amulet of regeneration
 q - a ring of see invisible
 t - a +4 ring of protection (left hand)
 w - a +6 ring of strength
 A - the ring of Conformity (right hand) {rPois rC+ rCorr Str+2 Dex+3}
   (You acquired it on level 8 of the Dungeon)

   [ring of poison resistance]

   Str:       It affects your strength (+2).
   Dex:       It affects your dexterity (+3).
   rC:        It protects you from cold.
   rPois:     It protects you from poison.
   rCorr:     It protects you from acid and corrosion.
 G - a +6 ring of intelligence
 N - an amulet of faith (around neck)
Wands
 r - a wand of charming (14)
 E - a wand of mindburst (8)
 K - a wand of roots (5)
Scrolls
 b - 4 scrolls of immolation
 g - 3 scrolls of teleportation
 n - a scroll of amnesia
 y - a scroll of torment
 H - 3 scrolls of noise
 J - a scroll of enchant armour
 O - a scroll of identify
Potions
 d - 5 potions of curing
 f - a potion of flight
 h - 2 potions of mutation {unknown}
 i - 2 potions of magic
 j - 2 potions of might {unknown}
 l - a potion of berserk rage {unknown}
 o - 2 potions of lignification {unknown}
 u - 3 potions of brilliance
 x - a potion of haste
 z - 2 potions of degeneration {unknown}
 C - 2 potions of attraction {unknown}


   Skills:
 + Level 13.1 Fighting
 * Level 14.5 Ranged Weapons
 - Level 1.5 Dodging
 - Level 0.7 Stealth
 - Level 5.3 Invocations


You had 11 spell levels left.
You didn't know any spells.
Your spell library contained the following spells:

 Spells                   Type           Power      Damage    Failure   Level
 Slow                     Hex            0%         N/A       38%         1
 Confusing Touch          Hex            0%         N/A       77%         3
 Ozocubu's Armour         Ice            0%         N/A       77%         3
 Portal Projectile        Hex/Tloc       0%         N/A       77%         3
 Vampiric Draining        Necr           0%         2d6       77%         3
 Leda's Liquefaction      Hex/Erth       0%         N/A       99%         4
 Metabolic Englaciation   Hex/Ice        0%         N/A       100%        5
 Call Canine Familiar     Summ           Unusable   N/A       N/A         3
 Simulacrum               Ice/Necr       Unusable   N/A       N/A         6

Dungeon Overview and Level Annotations

Branches:
Dungeon (14/15)            Temple (1/1) D:6          Bailey (visited)
   Lair: D:8-11         Orc: D:9-12      Vaults: D:13-14

Altars:
Ashenzari
Dithmenos
Elyvilon
Fedhas
Hepliaklqana
Kikubaaqudgha
Nemelex Xobeh
Okawaru
Ru
Sif Muna
Trog
Vehumet
Wu Jian
Xom
Yredelemnul
Zin
Lugonu

Annotations:
D:3 Eustachio
D:7 2 transporters
D:11 Lodul


Message History

The centaur closely misses you. The vampire mosquito misses you.
You climb upwards.
There is a stone staircase leading down here.
The vampire mosquito barely misses you. The vampire mosquito bites you.
* * * LOW HITPOINT WARNING * * *
The vampire mosquito draws strength from your injuries! 3 ogres come into view.
The ogre shouts!
You hear a shout! x2; The ogre shouts!
You hear a shout! x2
The vampire mosquito closely misses you.
The centaur wields a +0 shortbow.
The centaur shoots an arrow.
The arrow hits you!
* * * LOW HITPOINT WARNING * * *
An ogre comes into view. It is wielding a +0 giant club.
The ogre moves out of view.
Aiming: Duel (54% risk of failure)
Press: ? - help, Dir - move target, f - ogre
Aim: an ogre, wielding a +0 giant spiked club The ogre is not worthy to be dueled!
You shoot a bolt. The bolt hits the vampire mosquito!!!
The bolt burns the vampire mosquito!
You destroy the vampire mosquito!
Okawaru accepts your kill.
You hear a shout!
The vampire mosquito closely misses you.
The centaur shoots an arrow.
The arrow misses you. The vampire mosquito bites you.
* * * LOW HITPOINT WARNING * * *
The vampire mosquito draws strength from your injuries!
An ogre comes into view. It is wielding a +0 giant spiked club.
Lodul the Thundrous comes into view.
He is wielding a +0 dire flail and carrying a wand of light (2).
The centaur shoots an arrow.
The arrow hits you but does no damage.
The vampire mosquito bites you but does no damage.
Okay, then.
Aiming: Duel (54% risk of failure)
Press: ? - help, Dir - move target, f - vampire mosquito
Aim: a vampire mosquito You fail to use your ability.
The vampire mosquito barely misses you.
Electricity crackles from Lodul's apparatus.
The bolt of lightning hits you!
You die...

###########
#.O.......###+
#.............
#c..# #.y.#
#@..#
..OOO.OO.......
###############


You could see Lodul, a vampire mosquito, 4 ogres and a centaur.

Vanquished Creatures
  Fannar (D:10)
  A centaur warrior (D:14)
  3 two-headed ogres
  An orc high priest (Bailey)
  4 skeletal warriors
  An orc knight (Bailey)
  A gargoyle (D:11)
  An unseen horror (D:11)
  A komodo dragon (D:10)
  A kobold demonologist (Bailey)
  A troll (D:9)
  5 yaks (D:9)
  2 shadows (D:10)
  2 wraiths
  2 wyverns (D:8)
  3 steam dragons
  A vampire mosquito (D:11)
  3 water moccasins
  10 orc warriors
  A black bear (D:6)
  2 ice beasts
  3 sky beasts
  2 ogres (D:6)
  2 centaurs
  A kobold brigand (D:8)
  A bullfrog (D:6)
  A scorpion (D:3)
  A gnoll sergeant (D:10)
  12 wights
  8 killer bees (D:10)
  3 electric eels (Bailey)
  A hound (D:4)
  3 gnoll boudas
  2 jellies (D:5)
  3 orc priests
  An iguana (D:4)
  2 sleepcaps
  13 orc wizards
  22 gnolls
  9 adders
  2 shadow imps
  2 ufetubi
  2 worms
  2 dart slugs
  49 orcs
  6 bats
  7 endoplasms
  5 giant cockroaches
  24 goblins
  8 hobgoblins
  7 jackals
  9 kobolds
  5 quokkas
  6 ball pythons
  3 frilled lizards
  4 rats
278 creatures vanquished.

Vanquished Creatures (others)
  A sky beast (D:8)
  An adder (D:5)
2 creatures vanquished.

Grand Total: 280 creatures vanquished

Notes
Turn   | Place    | Note
-------+----------+-------------------------------------------
     0 | D:1      | doorStuck the Hill Orc Hunter began the quest for the Orb.
     0 | D:1      | Reached XP level 1. HP: 18/18 MP: 1/1
    83 | D:1      | Reached XP level 2. HP: 7/25 MP: 2/2
   176 | D:1      | Reached skill level 4 in Ranged Weapons
   332 | D:1      | Reached XP level 3. HP: 27/31 MP: 3/3
   481 | D:1      | Found a faded altar of an unknown god.
   503 | D:1      | Prayed at the altar of an unknown god.
   503 | D:1      | Became a worshipper of Elyvilon the Healer
   503 | D:1      | Reached * piety under Elyvilon
  1012 | D:2      | Reached skill level 1 in Invocations
  1012 | D:2      | Reached XP level 4. HP: 38/38 MP: 4/4
  1578 | D:2      | Reached XP level 5. HP: 32/46 MP: 6/6
  1710 | D:2      | Reached ** piety under Elyvilon
  2327 | D:3      | Reached skill level 5 in Ranged Weapons
  2498 | D:3      | Found an ornate altar of the Wu Jian Council.
  2535 | D:4      | Noticed Eustachio
  2894 | D:3      | Reached XP level 6. HP: 49/53 MP: 6/8
  2935 | D:4      | Noticed a black bear
  2958 | D:3      | Pacified a black bear
  3065 | D:4      | Found a hazy altar of Hepliaklqana.
  3066 | D:4      | Found a shimmering altar of Xom.
  3067 | D:4      | Noticed a spectral ugly thing
  3135 | D:4      | Reached XP level 7. HP: 45/60 MP: 9/9
  3136 | D:4      | Reached skill level 6 in Ranged Weapons
  3485 | D:5      | Entered Level 5 of the Dungeon
  3564 | D:5      | Reached skill level 5 in Fighting
  3644 | D:5      | Reached *** piety under Elyvilon
  3817 | D:5      | Found a sacrificial altar of Ru.
  4081 | D:5      | Found a glowing silver altar of Zin.
  4513 | D:6      | Reached skill level 5 in Invocations
  4513 | D:6      | Reached XP level 8. HP: 70/70 MP: 11/11
  4524 | D:6      | Reached skill level 7 in Ranged Weapons
  4598 | D:6      | Found a staircase to the Ecumenical Temple.
  4605 | Temple   | Entered the Ecumenical Temple
  4613 | Temple   | Fell from the grace of Elyvilon
  4613 | Temple   | Became a worshipper of Warmaster Okawaru
  4981 | D:7      | Reached skill level 8 in Ranged Weapons
  5308 | D:7      | Reached * piety under Okawaru
  5483 | D:7      | Reached XP level 9. HP: 74/79 MP: 12/12
  5488 | D:7      | Found a transporter.
  5490 | D:7      | Noticed a purple ugly thing
  5491 | D:7      | Noticed a green ugly thing
  5492 | D:7      | Found a corrupted altar of Lugonu.
  5533 | D:7      | Found a radiant altar of Vehumet.
  5738 | D:7      | Found a transporter.
  5988 | D:8      | Reached skill level 9 in Ranged Weapons
  6098 | D:8      | Found a flagged portal.
  6126 | Bailey   | Entered a bailey
  6204 | Bailey   | Reached ** piety under Okawaru
  6476 | Bailey   | Acquired a +7 longbow of draining
  6481 | Bailey   | Noticed an orc high priest
  6482 | Bailey   | Noticed a hellwing
  6484 | Bailey   | Noticed a soul eater
  6484 | Bailey   | Noticed a red devil
  6506 | Bailey   | Noticed an orc knight
  6516 | Bailey   | Killed an orc knight
  6517 | Bailey   | Reached skill level 10 in Ranged Weapons
  6559 | Bailey   | Noticed a kobold demonologist
  6562 | Bailey   | Killed a kobold demonologist
  6563 | Bailey   | Reached XP level 10. HP: 91/91 MP: 10/13
  6564 | Bailey   | Found an iron altar of Okawaru.
  6760 | Bailey   | Killed an orc high priest
  6761 | Bailey   | Reached skill level 11 in Ranged Weapons
  6841 | D:8      | Noticed a two-headed ogre
  6847 | D:8      | Killed a two-headed ogre
  6847 | D:8      | Reached *** piety under Okawaru
  6848 | D:8      | Reached skill level 10 in Fighting
  7041 | D:8      | Acquired a +6 triple crossbow of flaming
  7069 | D:8      | Acquired 927 gold pieces
  7071 | D:8      | Acquired the ring of Conformity {rPois rC+ rCorr Str+2
                  | Dex+3}
  7094 | D:8      | Reached skill level 12 in Ranged Weapons
  7578 | D:9      | Reached **** piety under Okawaru
  7579 | D:9      | Reached XP level 11. HP: 85/102 MP: 14/14
  8173 | D:10     | Entered Level 10 of the Dungeon
  8754 | D:10     | Reached skill level 13 in Ranged Weapons
  8804 | D:10     | Noticed a two-headed ogre
  8818 | D:10     | Killed a two-headed ogre
  9011 | D:10     | Noticed Fannar
  9018 | D:10     | Killed Fannar
  9018 | D:10     | Reached ***** piety under Okawaru
  9299 | D:11     | Noticed a skeletal warrior
  9299 | D:11     | Noticed a skeletal warrior
  9299 | D:11     | Noticed a skeletal warrior
  9299 | D:11     | Noticed a skeletal warrior
  9314 | D:10     | Killed a skeletal warrior
  9535 | D:11     | Noticed a two-headed ogre
  9537 | D:11     | Killed a two-headed ogre
  9706 | D:11     | Killed a skeletal warrior
  9706 | D:11     | Identified the +8 triple crossbow "Nasounk" {penet, Dex+4}
                  | (Okawaru gifted it to you on level 11 of the Dungeon)
  9706 | D:11     | Received a gift from Okawaru
  9707 | D:11     | Reached skill level 14 in Ranged Weapons
  9894 | D:11     | Killed a skeletal warrior
  9904 | D:11     | Killed a skeletal warrior
  9905 | D:11     | Reached XP level 12. HP: 99/113 MP: 15/15
 10024 | D:11     | You fall into a shaft and drop 3 floors!
 10045 | D:14     | Noticed a centaur warrior
 10054 | D:14     | Noticed a two-headed ogre
 10061 | D:14     | Killed a centaur warrior
 10097 | D:13     | Noticed a boulder beetle
 10149 | D:11     | Noticed Lodul
 10150 | D:11     | Killed from afar by Lodul

Illustrated notes

Levels and vault maps discovered:
D:1:      eino_arrival_water_star, layout_loops_ring,
          shapermc_ecumenical_altar_mp_highgroup
D:2:      layout_loops_corners
D:3:      layout_loops_ring, pdpol_wu_jian_five_deadly_venoms
D:4:      cheibrodos_old_hovel, layout_rooms, regret_index_temple_of_mockery,
          uniq_eustachio
D:5:      layout_basic, zin_statuary, nicolae_ru_sacrificial_ziggurat
D:6:      layout_gridville, temple_green
D:7:      gammafunk_corrupted_shrine, layout_loops_ring,
          nicolae_vehumet_radiance
D:8:      layout_basic, enter_bailey_5, mrwooster_statue_mirror,
          hangedman_misty_isle
D:9:      layout_irregular_city, minmay_misc_feat_hallway
D:10:     layout_grid_maze, uniq_fannar
D:11:     layout_stronghold, erik_lair_dragon, david_orc_4, uniq_lodul,
          uniq_urug, uniq_nergalle
D:12:     layout_cave_pools
D:13:     layout_big_octagon, skrybe_vaults_entry_preservation,
          nicolae_ashenzari_skybound
D:14:     regret_index_bee_streams, layout_loops_ring, nicolae_water_bricks
Temple:   lightli_temple_of_artemis

Skill      XL: |  1  2  3  4  5  6  7  8  9 10 11 12 |
---------------+-------------------------------------+-----
Ranged Weapons | 4 5 6 8 10 12 14 | 14.5
Fighting       | 3 4 5 7 9 11 12 13 | 13.1
Invocations    | 1 3 5 |  5.3
Dodging        | |  1.5
Stealth        | |  0.7

Action                     |  1- 3 |  4- 6 |  7- 9 | 10-12 || total
---------------------------+-------+-------+-------+-------++-------
  Melee: Arbalest          |       |     8 |       |       ||     8
         Short sword       |       |       |     3 |       ||     3
         Long sword        |       |       |    30 |       ||    30
   Fire: Arbalest          |    91 |   141 |   205 |       ||   437
         Shortbow          |     7 |       |       |       ||     7
         Longbow           |       |       |    16 |   119 ||   135
         Triple crossbow   |       |       |       |   134 ||   134
 Invoke: Heal Other        |       |     1 |     1 |       ||     2
         Heroism           |       |       |     1 |     4 ||     5
         Finesse           |       |       |       |     1 ||     1
  Evoke: Wand              |       |       |     3 |       ||     3
    Use: Scroll            |     1 |     7 |    10 |     9 ||    27
         Potion            |       |     3 |     1 |     5 ||     9
 Armour: Leather armour    |    31 |    34 |    16 |       ||    81
         Ring mail         |       |       |    60 |    36 ||    96
         Steam dragon scal |       |       |       |    35 ||    35
  Dodge: Dodged            |    46 |   105 |   112 |    84 ||   347
